 Dungeon Crawl Stone Soup version 0.29.1-2-gbd0b4ee654 (webtiles) character file.

Game seed: 3013507462943072048

7 xian the Shield-Bearer (level 1, -1/16 HPs)
             Began as a Demonspawn Wanderer on Oct 28, 2022.
             Slain by a hobgoblin (3 damage)
             ... on level 1 of the Dungeon.
             The game lasted 00:00:41 (387 turns).

xian the Shield-Bearer (Demonspawn Wanderer)         Turns: 387, Time: 00:00:42

Health: -1/16      AC:  2    Str: 11    XL:     1   Next: 91%
Magic:  1/1        EV: 10    Int: 11    God:
Gold:   0          SH:  7    Dex: 15    Spells: 0/0 levels left

rFire   . . .      SeeInvis .   a - +1 spear
rCold   . . .      Faith    .   b - +2 buckler
rNeg    . . .      Spirit   .   d - +0 robe
rPois   .          Reflect  .   (no helmet)
rElec   .          Harm     .   (no cloak)
rCorr   .          Rampage  .   (no gloves)
Will    .....                   (no boots)
Stlth   ++........              (no amulet)
HPRegen 0.05/turn               (no ring)
MPRegen 0.07/turn               (no ring)

@: no status effects
A: no striking features
a: no special abilities


You were on level 1 of the Dungeon.
You visited 1 branch of the dungeon, and saw 1 of its levels.

Inventory:

Hand Weapons
 a - a +1 spear (weapon)
Armour
 b - a +2 buckler (worn)
 d - a +0 robe (worn)
 j - an orb of mayhem
Scrolls
 c - a scroll of fog
 e - a scroll of enchant armour {unknown}
 f - a scroll of enchant weapon {unknown}
 g - a scroll of identify {unknown}
 h - a scroll of vulnerability {unknown}
Potions
 i - a potion of cancellation {unknown}
 k - a potion of flight {unknown}


   Skills:
 + Level 2.0 Fighting
 + Level 1.0 Polearms
 + Level 1.0 Armour
 + Level 1.0 Stealth
 + Level 4.0 Shields
 + Level 1.0 Evocations


You couldn't memorise any spells.
You didn't know any spells.
Your spell library was empty.

Dungeon Overview and Level Annotations

Branches:
Dungeon (1/15)

Altars:


Message History

The jackal bites you but does no damage.
You block the jackal's attack.
You miss the jackal.
The jackal is moderately wounded.
The jackal barely misses you.
You hit the jackal but do no damage.
The jackal is moderately wounded.
The jackal closely misses you.
The jackal bites you but does no damage.
You closely miss the jackal.
The jackal is moderately wounded.
The jackal closely misses you. The jackal bites you.
You barely miss the jackal.
The jackal bites you but does no damage.
You hit the jackal but do no damage.
The jackal bites you but does no damage.
You block the jackal's attack.
You hit the jackal.
The jackal is almost dead.
The jackal bites you.
You closely miss the jackal.
The jackal is almost dead.
The jackal barely misses you. The jackal bites you.
You closely miss the jackal.
The jackal is almost dead.
You block the jackal's attack.
You hit the jackal.
You kill the jackal!
Your Shields skill increases to level 4!
You hit the hobgoblin.
The hobgoblin is heavily wounded.
The hobgoblin hits you.
* * * LOW HITPOINT WARNING * * *
You hit the hobgoblin.
The hobgoblin is almost dead.
The hobgoblin barely misses you. x2
You barely miss the hobgoblin.
The hobgoblin is almost dead.
The hobgoblin hits you.
You die...

# #.. #.#.. #.#.#
#.#.#####.##
#.#...........
#........# ####
#....≈#J#≈....# #...
#..≈≈ #g#≈≈≈..# #. #
.[≈≈ #@#≈≈≈≈..# ##.##
.≈≈ #.#≈≈≈≈≈.# #....
.≈ #.#≈≈≈≈≈.....###..
≈
#####.#####≈≈....#....
#.........#≈≈....##.##
##.#####.##≈≈....#....
.. #.##≈≈....#.### ##
##.##≈....#....
##.#.....##.##


You could see an endoplasm and a hobgoblin.

Vanquished Creatures
  A hobgoblin (D:1)
  3 jackals (D:1)
  A bat (D:1)
  2 frilled lizards (D:1)
7 creatures vanquished.

Notes
Turn   | Place    | Note
-------+----------+-------------------------------------------
     0 | D:1      | xian the Demonspawn Wanderer began the quest for the Orb.
     0 | D:1      | xian set off with the following items: a +1 spear, a +2
                  | buckler, a scroll of fog, a +0 robe.
     0 | D:1      | Reached XP level 1. HP: 16/16 MP: 1/1
   385 | D:1      | Reached skill level 4 in Shields
   387 | D:1      | Slain by a hobgoblin

Illustrated notes

Levels and vault maps discovered:
D:1:      erik_arrival_triangle_medium, layout_basic,
          hellmonk_ecumenical_altar_arch_garden, minmay_misc_feat_alley,
          grunt_decor_junction

Skill      XL: |  1 |
---------------+----+-----
Shields        | 4 |  4.0
Fighting       | |  2.0
Polearms       | |  1.0
Armour         | |  1.0
Stealth        | |  1.0
Evocations     | |  1.0

Action                   || total
-------------------------++-------
Melee: Spear             ||    36
Armor: Robe              ||     8
Dodge: Dodged            ||    16
Block: Buckler           ||    12
